 Dungeon Crawl Stone Soup version 0.26-a0-104-gef3e9dd61f (webtiles) character file.

Game seed: 12145449832720527604

44 Gargoyl the Skirmisher (level 3, -1/31 HPs)
             Began as a Centaur Abyssal Knight on June 22, 2020.
             Was a Follower of Lugonu.
             Killed from afar by a white imp (8 damage)
             ... with a puff of frost
             ... summoned by Natasha
             ... on level 2 of the Dungeon.
             The game lasted 00:02:19 (1495 turns).

Gargoyl the Skirmisher (Centaur Abyssal Knight)     Turns: 1495, Time: 00:02:20

Health: -1/31      AC:  9    Str: 14    XL:     3   Next: 41%
Magic:  4/4        EV:  8    Int: 11    God:    Lugonu [*.....]
Gold:   40         SH:  0    Dex:  9    Spells: 2/2 levels left

rFire    . . .     SeeInvis .   a - +1 hand axe
rCold    . . .     Gourm    .   (no shield)
rNeg     . . .     Faith    .   o - +2 ring mail {rPois}
rPois    +         Spirit   .   q - +0 helmet
rElec    .         Reflect  .   (no cloak)
rCorr    .         Harm     .   (no gloves)
MR       .....                  (no barding)
Stlth    ..........             (no amulet)
HPRegen  0.10/turn              e - ring of attention (curse)
MPRegen  0.09/turn              (no ring)

@: very quick
A: large, hooves 3, deformed body, speed 2, tough skin 3
a: Depart the Abyss, Renounce Religion


You were on level 2 of the Dungeon.
You worshipped Lugonu.
Lugonu was aware of your devotion.
You were not hungry.

You visited 1 branch of the dungeon, and saw 2 of its levels.
You visited the Abyss 1 time.

You collected 40 gold pieces.

Inventory:

Hand Weapons
 a - a +1 hand axe (weapon)
Missiles
 g - 4 boomerangs (quivered)
Armour
 o - a +2 ring mail of poison resistance (worn)
 q - a +0 helmet (worn)
Jewellery
 e - a cursed ring of attention (left hand)
 m - an uncursed amulet of magic regeneration {unknown}
Scrolls
 k - 2 scrolls of identify
Potions
 b - 2 potions of invisibility {unknown}
 f - a potion of stabbing {unknown}
 i - a potion of curing {unknown}
 n - a potion of resistance {unknown}
 p - 2 potions of lignification {unknown}
Comestibles
 c - 5 rations
 d - 2 chunks of flesh


   Skills:
 + Level 3.4 Fighting
 + Level 2.1 Axes
 * Level 1.9 Armour
 * Level 1.1 Dodging
 * Level 2.4 Invocations


You had 2 spell levels left.
You didn't know any spells.
Your spell library was empty.

Dungeon Overview and Level Annotations

Branches:
Dungeon (2/15)

Altars:

Annotations:
D:2 Natasha


Innate Abilities, Weirdness & Mutations

You have hooves in place of feet.
Armour fits poorly on your strangely shaped body.
You cover ground very quickly.
You have extremely tough skin. (AC +3)


Message History

The white imp hits you. The white imp freezes you.
The white imp hits you but does no damage.
You hit the white imp.
The white imp is severely wounded.
Natasha mumbles some strange words.
The white imp hits you. The white imp freezes you.
You barely miss the white imp.
The white imp is severely wounded.
The white imp barely misses you.
You closely miss the white imp.
The white imp is severely wounded.
Natasha hisses.
The white imp gestures at you. The puff of frost hits you!
* * * LOW HITPOINT WARNING * * *
Some of the chunks of flesh in your inventory have rotted away.
The white imp grins evilly.
The white imp gestures at you. The puff of frost hits you!
You die...

*,* ###.#*,* *,***,
*,*********** #.#*,* *,,,*,
,,,,,,,,,,,,* #.#*,* *,*,*,
,,,,,,,,,**,* #.#*,* *,*,*,
*,******,**,* #.#*,** *,*,*,
,<,,* **,**,* #.#,,,* *,*,**
,,,,***,,,,,***#.#,*,* *,,,,,
,,,,,,,,,,,,,,,#.#,,,* ***,**
*,,,,**,,*****,#@#**,* *,*
,,,,,**,,* *,#.# *,* *,*
,*,*,**,,* #,#.# *,* *,*
,,,*,,,,,* #.#5# *,* *,*
*******,,#####.#h###<###******,*
,,,*,,,,*.....55r.......,,,,,,,*
,*,*,**,*.####.#.#.#####********
,*,*,*,,,..........#****
,,,,,,,,,.###..?......,*


You could see an iron imp (summoned), Natasha, a white imp (summoned) and a rat.

Vanquished Creatures
  Robin (D:2)
  A leopard gecko (D:1)
  2 giant cockroaches
  7 goblins
  5 hobgoblins
  3 ball pythons (D:2)
  3 bats (D:1)
  2 frilled lizards
  4 kobolds
  3 rats (D:1)
31 creatures vanquished.

Notes
Turn   | Place    | Note
-------+----------+-------------------------------------------
     0 | Abyss:1  | Gargoyl the Centaur Abyssal Knight began the quest for the
                  | Orb.
     0 | Abyss:1  | Reached XP level 1. HP: 19/19 MP: 2/2
    86 | Abyss:2  | Noticed a starcursed mass
    87 | D:1      | Escaped the Abyss
   382 | D:1      | Reached * piety under Lugonu
   536 | D:1      | Reached XP level 2. HP: 26/26 MP: 3/3
  1229 | D:2      | Reached skill level 1 in Dodging
  1236 | D:2      | Noticed Robin
  1243 | D:2      | Killed Robin
  1243 | D:2      | Reached XP level 3. HP: 21/31 MP: 4/4
  1475 | D:2      | Noticed Natasha
  1495 | D:2      | Killed from afar by a white imp

Illustrated notes

Levels and vault maps discovered:
D:1:      wheals_arrival_shading, layout_loops_corners,
          chequers_serial_rivers_small_b
D:2:      layout_loops_ring, patterned_corridor, uniq_natasha, uniq_robin

Skill      XL: |  1  2 |
---------------+-------+-----
Axes           | 2 |  2.1
Dodging        | 1 |  1.1
Fighting       | |  3.4
Armour         | |  1.9
Invocations    | |  2.4

Action                   || total
-------------------------++-------
Melee: Hand axe          ||    69
       Kick              ||    14
Invok: Depart the Abyss  ||     1
  Use: Scroll            ||     4
  Eat: Chunk             ||     1
Armor: Plate armour      ||    51
       Ring mail         ||     6
Dodge: Dodged            ||     9

Table legend:
 A = Non-vault XP
 B = Vault XP
 C = Vault XP percentage of total XP
 D = Non-vault monster count
 E = Vault monster count
 F = Vault count percentage of total count
                 A         B        C        D         E       F
            +---------+---------+-------+---------+---------+-------
      Total |      38 |      26 |  40.6 |      25 |       6 |  19.4
            +---------+---------+-------+---------+---------+-------
        D:1 |      21 |       0 |   0.0 |      14 |       0 |   0.0
        D:2 |      17 |      26 |  60.5 |      11 |       6 |  35.3
            +---------+---------+-------+---------+---------+-------
